 Dungeon Crawl Stone Soup version 0.21.1-1-g345015fe64 (webtiles) character file.

74 Kejsarherre the Chopper (level 4, -1/37 HPs)
             Began as a Formicid Gladiator on May 12, 2018.
             Slain by an orc
             ... wielding a +0 dagger
              (2 damage)
             ... on level 4 of the Dungeon.
             The game lasted 00:02:31 (1449 turns).

Kejsarherre the Chopper (Formicid Gladiator)        Turns: 1449, Time: 00:02:32

Health: -1/37      AC:  3    Str: 17 (18) XL:     4   Next: 54%
Magic:  4/4        EV: 11    Int:  6 (9)  God:
Gold:   38         SH:  4    Dex:  9 (12) Spells: 3/3 levels left

rFire    . . .     SeeInvis +   a - +0 war axe
rCold    . . .     Gourm    .   g - +2 buckler
rNeg     . . .     Faith    .   b - +0 leather armour
rPois    .         Spirit   .   (helmet unavailable)
rElec    .         Reflect  .   (no cloak)
rCorr    .         Harm     .   (no gloves)
MR       .....                  (no boots)
Stlth    +.........             (no amulet)
HPRegen  0.12/turn              (no ring)
MPRegen  0.09/turn              (no ring)

@: no status effects
A: permanent stasis, dig shafts and tunnels, four strong arms, antennae 3
a: Dig, Shaft Self


You were on level 4 of the Dungeon.
You were hungry.

You visited 1 branch of the dungeon, and saw 4 of its levels.

You collected 38 gold pieces.

Inventory:

Hand Weapons
 a - a +0 war axe (weapon)
Missiles
 c - 2 throwing nets (quivered)
Armour
 b - a +0 leather armour (worn)
 g - a +2 buckler (worn)
Jewellery
 h - an uncursed ring of fire
Scrolls
 e - a scroll of identify {unknown}
Comestibles
 d - a ration


   Skills:
 + Level 3.7 Fighting
 + Level 4.1 Axes
 - Level 2.0 Throwing
 - Level 2.6 Dodging


You had 3 spell levels left.
You didn't know any spells.

Dungeon Overview and Level Annotations

Branches:
Dungeon (3/15)

Altars:
Ru

Annotations:
D:3 Kejsarherre's ghost, weakling FoGl


Innate Abilities, Weirdness & Mutations

You cannot be hasted, slowed, berserked, paralysed or teleported.
You can dig through walls and to a lower floor.
Your four strong arms can wield two-handed weapons with a shield.
You have a pair of large antennae on your head. (SInv)


Message History

The magic dart hits you!
* * * LOW HITPOINT WARNING * * *
Unknown command.
Okay, then.
It was a potion of degeneration.
There was something very wrong with that liquid.
You feel weakened.
You feel dopey.
You feel clumsy. The orc hits you with a dagger.
* * * LOW HITPOINT WARNING * * *
The orc wizard gestures at you while chanting.
The magic dart hits you!
* * * LOW HITPOINT WARNING * * *
The orc closely misses you.
Unknown command.
You feel less confused. The orc closely misses you.
You closely miss the orc wizard.
The orc wizard is lightly wounded.
You closely miss the orc. The orc hits you with a dagger.
You die...

#
##.#######
#........#
#......o@#
#......oo#
.........#
........##
.#......#
##.....#
#.....#
##...##
#..[


You could see an orc wizard and 2 orcs.

Vanquished Creatures
  A worker ant (D:4)
  3 adders
  A dart slug (D:3)
  A leopard gecko (D:3)
  An orc (D:4)
  2 giant cockroaches
  A goblin (D:3)
  A hobgoblin (D:3)
  4 jackals
  A quokka (D:3)
  2 ball pythons (D:3)
  2 bats (D:2)
  2 frilled lizards (D:3)
  A rat (D:3)
23 creatures vanquished.

Notes
Turn   | Place    | Note
-------+----------+-------------------------------------------
     0 | D:1      | Kejsarherre the Formicid Gladiator began the quest for the Orb.
     0 | D:1      | Reached XP level 1. HP: 16/16 MP: 1/1
    14 | D:1      | You fall through a shaft!
    60 | D:2      | Reached XP level 2. HP: 23/23 MP: 2/2
    63 | D:2      | You fall through a shaft!
   202 | D:3      | Reached XP level 3. HP: 20/29 MP: 3/3
   680 | D:3      | Noticed Kejsarherre's ghost (weakling FoGl)
   957 | D:2      | HP: 1/29 [adder (3)]
   961 | D:2      | Reached XP level 4. HP: 10/35 MP: 4/4
  1376 | D:2      | Found a sacrificial altar of Ru.
  1436 | D:2      | You fall through a shaft for 2 floors!
  1442 | D:4      | Reached skill level 4 in Axes
  1447 | D:4      | HP: 1/37 [orc wizard/magic dart (3)]
  1449 | D:4      | Slain by an orc

Skill      XL: |  1  2  3  4 |
---------------+-------------+-----
Fighting       | 3 |  3.7
Axes           | 4 |  4.1
Throwing       | |  2.0
Dodging        | |  2.6

Action                   |  1- 3 |  4- 6 || total
-------------------------+-------+-------++-------
Melee: War axe           |    73 |    11 ||    84
Throw: Throwing net      |     1 |     1 ||     2
 Abil: Shaft Self        |     2 |     1 ||     3
  Use: Potion            |     2 |     1 ||     3
  Eat: Chunk             |     1 |     1 ||     2
Armor: Leather armour    |    21 |     4 ||    25
Dodge: Dodged            |    50 |    18 ||    68
Block: Buckler           |    13 |     2 ||    15
